 Dungeon Crawl Stone Soup version 0.20.1-1-g8b1a95d (webtiles) character file.

218 ChromeMolly the Sneak (level 5, 0/36 HPs)
             Began as an Octopode Fighter on Nov 8, 2017.
             Succumbed to a scorpion's poison
             ... on level 3 of the Dungeon.
             The game lasted 00:15:57 (3580 turns).

ChromeMolly the Sneak (Octopode Fighter)            Turns: 3580, Time: 00:15:57

Health: 0/36       AC:  1    Str: 16    XL:     5   Next: 95%
Magic:  5/5        EV: 12    Int: 10    God:
Gold:   135        SH: 11    Dex: 12    Spells: 4/4 levels left

rFire    . . .     SeeInvis .   e - +1 dagger (drain)
rCold    + . .     Gourm    .   b - +2 shield
rNeg     . . .     Faith    .   (helmet restricted)
rPois    .         Spirit   .   (no amulet)
rElec    .         Reflect  .   m - ring of protection from cold
rCorr    .         Harm     .   (no ring)
MR       .....                  (no ring)
Stlth    +++.......             (no ring)
Regen    0.2/turn               (no ring)
MPRegen  0.1/turn               (no ring)
                                (no ring)
                                (no ring)

@: lethally poisoned (0 -> -14)
A: almost no armour, stealthy swim, amphibious, 8 rings, constrict 8, camouflage
1, gelatinous body 1
a: no special abilities


You were on level 3 of the Dungeon.
You were not hungry.

You visited 1 branch of the dungeon, and saw 4 of its levels.

You collected 135 gold pieces.

Inventory:

Hand Weapons
 a - a +0 long sword
 e - a +1 dagger of draining (weapon)
 l - a +0 dagger
Missiles
 k - 78 stones (quivered)
Armour
 b - a +2 shield (worn)
Jewellery
 f - an uncursed amulet of guardian spirit {unknown}
 m - a ring of protection from cold (left tentacle)
 q - an uncursed ring of positive energy {unknown}
 r - a cursed -3 ring of dexterity {unknown}
Wands
 g - a wand of lightning (4/15)
Scrolls
 o - 3 scrolls of teleportation
Potions
 c - a potion of might
 i - a potion of mutation
 j - 2 potions of brilliance
 p - a potion of haste
Comestibles
 d - 4 bread rations


   Skills:
 + Level 3.5 Fighting
 + Level 0.4(1.5) Short Blades
 + Level 2.4(2.5) Long Blades
 * Level 2.2 Throwing
 + Level 3.6 Dodging
 * Level 3.9 Stealth
 + Level 3.8 Shields


You had 4 spell levels left.
You didn't know any spells.

Dungeon Overview and Level Annotations

Branches:
Dungeon (4/15)
 Temple: D:4-7

Altars:
The Shining One


Innate Abilities, Weirdness & Mutations

You cannot wear most types of armour.
You are very stealthy in the water. (Stealth+)
You are amphibious.
You can wear up to eight rings at the same time.
You can use your tentacles to constrict eight enemies at once.
Your skin changes colour to match your surroundings (Stealth+).
Your rubbery body absorbs attacks. (AC +1, EV +1)


Message History

The scorpion stings you!
You are poisoned.
The scorpion poisons you! The orc closely misses you.
The orc priest casts a cantrip, but nothing happens.
The orc barely misses you. The scorpion barely misses you.
There is a stone staircase leading up here.
You see here a stone.
Your magical effects are unravelling.
You feel magically purged.
You feel less confused.
You feel a little less mighty now.
You feel sick. The big kobold hits you with a dagger.
You block the orc's attack. The scorpion stings you!
You are lethally poisoned!
The scorpion poisons you!
You feel sick. The big kobold hits you with a dagger!
* * * LOW HITPOINT WARNING * * *
You block the orc's attack. x2; The scorpion stings you.
* * * LOW HITPOINT WARNING * * *
You climb upwards.
You die...

# # # ##############
############ #..........oo#
#≈≈≈§#.....)
#.##########@#####§)≈≈#......
#.# #....K.s...'.≈†≈#######
#.# #..###.#####≈≈≈§# #.. #.#
#..# #.# ######## #.#
#.#####..###.####.##.#.####.#
#.#.................###.....#
#............####.##.#.#####.
#####.###.######
#.###..#####.
#...........÷..####.#
#........


You could see a big kobold, a scorpion, an orc priest and an orc.

Vanquished Creatures
  A hound (D:3)
  Crazy Yiuf (D:2)
  2 orc wizards (D:3)
  An iguana (D:3)
  2 adders (D:2)
  A dart slug (D:3)
  A worm (D:3)
  2 leopard geckos
  3 orcs (D:3)
  6 giant cockroaches
  6 goblins
  6 hobgoblins
  6 kobolds
  A ball python (D:2)
  5 bats
  2 frilled lizards
  5 rats
51 creatures vanquished.

Notes
Turn   | Place    | Note
-------+----------+-------------------------------------------
     0 | D:1      | ChromeMolly the Octopode Fighter began the quest for the Orb.
     0 | D:1      | Reached XP level 1. HP: 16/16 MP: 1/1
   193 | D:1      | Reached XP level 2. HP: 21/21 MP: 2/2
   666 | D:2      | Reached skill level 1 in Stealth
   666 | D:2      | Reached XP level 3. HP: 26/26 MP: 3/3
   675 | D:2      | Found a runed door.
  1151 | D:2      | Reached skill level 1 in Throwing
  1922 | D:2      | Noticed Crazy Yiuf
  1929 | D:2      | Killed Crazy Yiuf
  1929 | D:2      | Reached XP level 4. HP: 4/31 MP: 4/4
  2402 | D:3      | Reached XP level 5. HP: 11/36 MP: 5/5
  3019 | D:3      | Found a glowing golden altar of the Shining One.
  3316 | D:4      | Noticed a big kobold
  3316 | D:4      | Noticed a phantom
  3580 | D:3      | Succumbed to a scorpion's poison

Skill      XL: |  1  2  3  4  5 |
---------------+----------------+-----
Stealth        | 1 2 3 |  3.9
Throwing       | 1 2 |  2.2
Fighting       | |  3.5
Short Blades   | |  0.4
Long Blades    | |  2.4
Dodging        | |  3.6
Shields        | |  3.8

Action                   |  1- 3 |  4- 6 || total
-------------------------+-------+-------++-------
Melee: Long sword        |    25 |       ||    25
       Constrict         |    16 |    11 ||    27
       Tentacles         |    12 |    10 ||    22
       Dagger            |    41 |    43 ||    84
Throw: Stone             |     8 |     2 ||    10
  Use: Scroll            |     7 |     5 ||    12
       Potion            |       |     3 ||     3
 Stab: Sleeping          |     7 |     4 ||    11
  Eat: Bread ration      |     1 |       ||     1
       Royal jelly       |     1 |       ||     1
       Meat ration       |       |     1 ||     1
Armor: Skin              |     5 |     1 ||     6
Dodge: Dodged            |    24 |    23 ||    47
Block: Shield            |    38 |    24 ||    62
       Rpst.: Long sword |     4 |       ||     4
